 Dungeon Crawl Stone Soup version 0.29.0-13-gc9e81de378 (webtiles) character file.

Game seed: 5042200608383915

42 ICEMaiden the Magician (level 3, -3/20 HPs)
             Began as a Deep Elf Hedge Wizard on Sept 9, 2022.
             Slain by a scorpion (6 damage)
             ... on level 2 of the Dungeon.
             The game lasted 00:05:53 (2228 turns).

ICEMaiden the Magician (Deep Elf Hedge Wizard)      Turns: 2228, Time: 00:05:54

Health: -3/20      AC:  2    Str:  9    XL:     3   Next: 35%
Magic:  1/11       EV: 13    Int: 18    God:
Gold:   93         SH:  0    Dex: 14    Spells: 6/11 levels left

rFire   . . .      SeeInvis .   a - +0 dagger
rCold   . . .      Faith    .   (no shield)
rNeg    . . .      Spirit   .   b - +0 robe
rPois   .          Reflect  .   c - +0 hat
rElec   .          Harm     .   (no cloak)
rCorr   .          Rampage  .   (no gloves)
Will    .....                   (no boots)
Stlth   ++........              (no amulet)
HPRegen 0.06/turn               (no ring)
MPRegen 0.12/turn               (no ring)

@: lethally poisoned (-3 -> -23), attractive
A: no striking features
a: no special abilities


You were on level 2 of the Dungeon.
You visited 1 branch of the dungeon, and saw 2 of its levels.

You collected 93 gold pieces.

Inventory:

Hand Weapons
 a - a +0 dagger (weapon)
 m - a +0 spear
Armour
 b - a +0 robe (worn)
 c - a +0 hat (worn)
Jewellery
 j - a ring of protection from fire
Scrolls
 f - 3 scrolls of identify {unknown}
 h - a scroll of blinking {unknown}
 l - a scroll of teleportation {unknown}
Potions
 d - a potion of magic
 e - a potion of invisibility {unknown}
 g - a potion of heal wounds {unknown}
 i - a potion of attraction
 k - a potion of curing {unknown}


   Skills:
 * Level 0.8 Fighting
 * Level 3.3 Dodging
 + Level 2.7 Stealth
 + Level 4.6 Spellcasting
 + Level 1.4 Conjurations
 + Level 1.5 Summonings
 + Level 1.4 Translocations


You had 6 spell levels left.
You knew the following spells:

 Your Spells              Type           Power      Damage    Failure   Level
a - Magic Dart            Conj           36%        1d4       8%          1
q - Call Imp              Summ           9%         N/A       12%         2
z - Blink                 Tloc           18%        N/A       12%         2

Your spell library contained the following spells:

 Spells                   Type           Power      Damage    Failure   Level
 Slow                     Hex            16%        N/A       14%         1
 Conjure Flame            Conj/Fire      6%         6-21      30%         3
 Mephitic Cloud           Conj/Pois/Air  5%         N/A       34%         3


Dungeon Overview and Level Annotations

Branches:
Dungeon (2/15)

Altars:


Message History

The scorpion attacks as you move away! The scorpion closely misses you.
You feel stable enough to blink again.
Your crimson imp blinks!
You swap places.
The scorpion closely misses your crimson imp.
Your crimson imp blinks!
Your magical contamination has completely faded away.
Casting: Call Imp (safe; 12% risk of failure)
Confirm with . or Enter, or press ? or * to list all spells.
A beastly little devil appears in a puff of flame.
Your crimson imp disappears in a puff of smoke!
The scorpion closely misses you.
You swap places.
The scorpion stings your crimson imp.
Your crimson imp hits the scorpion but does no damage.
Your crimson imp hits the scorpion.
The scorpion stings your crimson imp.
Your crimson imp barely misses the scorpion.
You hit the scorpion but do no damage.
The scorpion is almost dead.
The scorpion misses you.
Your crimson imp hits the scorpion but does no damage.
The scorpion stings you.
You are poisoned.
The scorpion poisons you!
Your crimson imp blinks!
Aiming: Magic Dart (safe; 8% risk of failure)
Press: ? - help, Q - select action, (/) - cycle Shift-Dir - straight line, f - scorpion
Aim: a scorpion (almost dead, 100% to hit)
The magic dart hits the scorpion but does no damage.
The scorpion is almost dead.
You feel very sick. The scorpion stings you!
You are more poisoned.
The scorpion poisons you!
It was a potion of attraction.
You feel attractive to monsters.
* * * LOW HITPOINT WARNING * * *
You feel very sick. The scorpion stings you.
You die...

#. #.### .......# ##
#... ... .[ #..# #.#
#.# #..# #.# #.# #..#
#.# #.# ######..# #.#
#.# #..s@...###†# #.#
#..........># #.#
#.#####.....######s##
#.## #..............
#..# #.###.#########
#§.# #......# #..#
#.###..#
#§.####.###..#
#..#..g.w....#


You could see a scorpion.

Vanquished Creatures
  A dart slug (D:1)
  2 giant cockroaches
  3 goblins
  A hobgoblin (D:1)
  2 jackals (D:1)
  6 kobolds
  2 quokkas
  2 ball pythons (D:1)
  6 bats
  2 frilled lizards (D:1)
  2 rats (D:1)
29 creatures vanquished.

Vanquished Creatures (collateral kills)
  A worm (D:2)
  2 hobgoblins (D:2)
  A kobold (D:2)
  A quokka (D:2)
5 creatures vanquished.

Grand Total: 34 creatures vanquished

Notes
Turn   | Place    | Note
-------+----------+-------------------------------------------
     0 | D:1      | ICEMaiden the Deep Elf Hedge Wizard began the quest for the
                  | Orb.
     0 | D:1      | Reached XP level 1. HP: 10/10 MP: 7/7
   449 | D:1      | Reached XP level 2. HP: 16/16 MP: 6/9
  1436 | D:2      | Learned a level 2 spell: Blink
  1439 | D:2      | Learned a level 2 spell: Call Imp
  1557 | D:2      | Reached XP level 3. HP: 2/20 MP: 8/11
  1595 | D:2      | Noticed a scorpion
  2228 | D:2      | Slain by a scorpion

Illustrated notes

Levels and vault maps discovered:
D:1:      ncdulo_watergridlock, layout_loops_cross
D:2:      minmay_spotlight, layout_loops_ring, basic_altar

Skill      XL: |  1  2 |
---------------+-------+-----
Dodging        | 3 |  3.3
Fighting       | |  0.8
Stealth        | |  2.7
Spellcasting   | |  4.6
Conjurations   | |  1.4
Summonings     | |  1.5
Translocations | |  1.4

Action                   || total
-------------------------++-------
Melee: Dagger            ||    16
 Cast: Magic Dart        ||   102
       Call Imp          ||     8
       Blink             ||     1
  Use: Potion            ||     2
 Stab: Sleeping          ||     1
Armor: Robe              ||     5
Dodge: Dodged            ||    42
